Map: Efflorescence LE

Players

Throwfordays - Winner!

  • Race: Protoss Protoss
  • League: Bronze
  • Spawn Location: 12:00

Cthulhu - Winner!

  • Race: Terran Terran
  • Spawn Location: 3:00

Fabrotanque

  • Race: Protoss Protoss
  • Spawn Location: 6:00

Garritsen

  • Race: Terran Terran
  • League: Bronze
  • Spawn Location: 9:00

VOD

Have the link to the VOD?

Description

Time

  • Played on: Feb. 1, 2019, 9:16 p.m.
  • Length: 15:52
Show
View Real Time Build Order
Export as new Build Order

Throwfordays Protoss - Winner!

Build Orders:  

Get SALT Encoding   

  12  0:00  Probe  
  13  0:13  Probe  
  14  0:19  Pylon  
  14  0:25  Probe  
  15  0:37  Probe  
  15  0:38  Gateway  
  16  0:44  Assimilator  
  17  0:50  Probe  
  17  1:02  Probe  
  18  1:14  Probe  
  19  1:21  Forge  
  19  1:25  Cybernetics Core  
  19  1:27  Pylon  
  19  1:30  Probe  
  20  1:34  Warp Gate  
  20  1:40  Gateway  
  20  1:46  Assimilator  
  20  1:52  Protoss Ground Weapons Level 1  
  20  2:09  Probe  
  21  2:21  Probe  
  22  2:33  Probe  
  23  2:40  Nexus  
  23  2:43  Pylon  
  23  2:45  Probe  
  24  2:57  Probe  
  25  3:10  Probe  
  25  3:12  Robotics Facility  
  26  3:20  Assimilator  
  26  3:22  Probe  
  26  3:25  Assimilator  
  27  3:28  Robotics Facility  
  27  3:34  Probe  
  28  3:36  Pylon  
  28  3:42  Probe  
  29  3:50  Probe  
  29  3:51  Probe  
  31  4:00  Probe  
  32  4:04  Probe  
  32  4:06  Observer  
  34  4:12  Probe  
  34  4:16  Probe  
  34  4:17  Observer  
  37  4:18  Robotics Bay  
  37  4:22  Robotics Facility  
  37  4:25  Probe  
  37  4:26  Probe  
  39  4:33  Probe  
  39  4:34  Probe  
  41  4:42  Probe  
  41  4:43  Probe  
  43  4:54  Probe  
  43  4:55  Probe  
  43  4:57  Stalker  
  43  4:58  Stalker  
  49  5:04  Extended Thermal Lance  
  49  5:06  Probe  
  50  5:07  Gateway, Probe  
  50  5:08  Gateway  
  50  5:10  Twilight Council  
  50  6:10  Stargate  
  50  6:11  Stargate  
  50  6:13  Stargate  
  50  6:16  Pylon  
  50  6:18  Pylon  
  50  6:21  Pylon  
  50  6:25  Pylon  
  50  6:27  Stalker x4  
  50  6:28  Pylon  
  50  6:29  Protoss Air Weapons Level 1  
  50  6:31  Pylon  
  58  6:44  Gravitic Boosters  
  58  6:56  Nexus  
  58  7:08  Phoenix x3  
  64  7:14  Fleet Beacon  
  64  7:22  Stargate  
  64  7:23  Assimilator  
  64  7:28  Assimilator  
  64  7:31  Pylon  
  64  7:39  Probe  
  64  7:41  Probe  
  67  7:51  Probe  
  67  7:54  Stargate, Probe  
  67  7:55  Protoss Shields Level 1  
  67  7:57  Anion Pulse-Crystals  
  68  7:59  Phoenix x2  
  68  8:03  Probe  
  68  8:05  Phoenix  
  75  8:06  Probe  
  76  8:14  Protoss Air Weapons Level 2  
  76  8:15  Probe  
  76  8:18  Probe  
  78  8:27  Probe  
  78  8:30  Probe  
  80  8:45  Probe  
  81  8:53  Probe  
  82  8:56  Phoenix x3  
  82  8:58  Probe  
  82  9:02  Phoenix  
  91  9:05  Probe  
  91  9:09  Phoenix  
  94  9:10  Probe  
  95  9:17  Probe  
  95  9:22  Probe  
  97  9:26  Protoss Shields Level 2  
  97  9:29  Probe  
  98  9:31  Nexus  
  98  9:34  Probe  
  98  9:35  Phoenix x4  
  98  9:37  Cybernetics Core, Phoenix  
  99  9:41  Probe  
  110  10:01  Assimilator  
  110  10:07  Assimilator  
  110  10:14  Protoss Air Armor Level 1  
  110  10:20  Pylon  
  110  10:23  Pylon  
  110  10:38  Phoenix x5  
  120  10:49  Immortal x2  
  128  10:51  Immortal  
  132  10:59  Probe  
  132  11:03  Protoss Air Weapons Level 3, Probe  
  134  11:09  Probe  
  135  11:11  Probe  
  136  11:21  Probe  
  137  11:33  Probe  
  138  11:41  Immortal x3  
  138  11:45  Probe  
  151  11:49  Protoss Shields Level 3  
  151  11:54  Pylon  
  151  11:57  Pylon, Probe  
  151  11:59  Pylon  
  152  12:02  Pylon  
  152  12:04  Pylon  
  152  12:09  Protoss Air Armor Level 2  
  152  12:10  Pylon  
  152  12:18  Phoenix x4  
  152  12:20  Immortal x2  
  152  12:21  Immortal  
  172  12:23  Phoenix  
  172  12:27  Probe  
  175  12:39  Probe  
  172  12:51  Probe  
  171  13:03  Probe  
  170  13:15  Probe  
  159  13:48  Phoenix x4  
  161  13:49  Phoenix  
  169  14:13  Phoenix  
  169  14:15  Phoenix  
  169  14:16  Phoenix x3  
  179  14:18  Probe  
  180  14:30  Probe  
  175  14:42  Probe  
  160  14:55  Probe  
  160  15:07  Probe  
Show
View Real Time Build Order
Export as new Build Order

Cthulhu Terran - Winner!

Build Orders:  

Get SALT Encoding   

  12  0:01  SCV  
  13  0:13  SCV  
  14  0:23  Supply Depot  
  14  0:25  SCV  
  15  0:37  Refinery  
  15  0:45  SCV  
  15  0:46  Barracks  
  16  0:57  SCV  
  17  1:09  SCV, Barracks  
  18  1:21  SCV  
  19  1:37  Reaper  
  19  1:38  Orbital Command  
  20  1:50  Engineering Bay  
  20  1:55  Barracks  
  20  2:01  Barracks Tech Lab  
  20  2:07  SCV  
  21  2:13  Refinery  
  21  2:32  Supply Depot  
  21  3:03  Marine, SCV  
  21  3:04  Marauder  
  21  3:05  Terran Infantry Weapons Level 1  
  25  3:21  Marine  
  26  3:30  Marauder  
  28  3:39  SCV  
  29  3:44  Marine  
  30  4:14  SCV  
  31  4:49  Supply Depot  
  31  4:52  Command Center  
  31  4:58  Marine  
  31  5:03  Concussive Shells  
  31  5:06  Barracks Reactor  
  31  5:11  SCV, Marauder  
  31  5:13  Ghost Academy  
  34  5:17  Missile Turret  
  34  5:19  Sensor Tower  
  34  5:21  Marine  
  35  5:23  SCV  
  36  5:30  Missile Turret  
  36  5:32  Missile Turret  
  36  5:34  Missile Turret  
  37  5:43  Marine  
  37  5:44  Marine  
  37  5:45  Barracks Reactor  
  37  5:46  Combat Shield  
  37  5:48  Terran Infantry Armor Level 1  
  38  5:53  Supply Depot  
  38  5:56  Factory  
  38  6:15  Personal Cloaking  
  38  6:19  Supply Depot  
  38  6:22  Marine x2  
  38  6:23  Marine x2  
  38  6:24  Orbital Command  
  38  6:25  SCV  
  43  6:41  Marine x4  
  49  6:52  SCV x2  
  49  6:53  Starport  
  51  6:55  Widow Mine  
  53  7:12  Unknown  
  53  7:25  Command Center  
  53  7:29  SCV  
  54  7:40  Medivac x2  
  54  7:41  Nuke  
  54  7:42  Barracks  
  54  7:43  Barracks Reactor  
  58  7:45  Marine x2, SCV  
  58  7:49  Widow Mine  
  65  7:53  SCV  
  65  7:57  SCV  
  67  8:00  Armory  
  67  8:09  Marine  
  67  8:10  Marine  
  69  8:15  Refinery  
  69  8:16  Marine, Unknown  
  70  8:37  Marine x3, Supply Depot, Widow Mine  
  75  8:53  Orbital Command  
  75  8:54  Refinery x2, SCV x2  
  77  8:55  Barracks Tech Lab  
  77  8:59  Marine x4, Marauder  
  77  9:01  Widow Mine  
  85  9:21  Marine x2  
  85  9:22  Marine x4  
  91  9:39  Marine x3  
  94  10:04  Ghost Academy  
  94  10:07  Terran Infantry Armor Level 2  
  94  10:08  Missile Turret  
  94  10:09  Marine, Widow Mine  
  94  10:10  Marine x4  
  101  10:40  Marine x2  
  101  10:54  Marine x4  
  101  10:55  Widow Mine  
  107  10:58  Marauder  
  107  11:02  Supply Depot  
  109  11:06  Supply Depot x2  
  109  11:07  Supply Depot  
  109  11:11  Nuke  
  108  11:28  Nuke  
  108  11:30  Marine x3, Marauder x2  
  108  11:31  Marine  
  116  11:48  SCV  
  116  11:49  Marine x2, SCV  
  120  12:10  Medivac x2  
  124  12:17  Marine x2  
  124  12:19  Marauder x2  
  124  12:21  Widow Mine  
  132  12:23  Terran Infantry Weapons Level 2  
  132  12:24  Stimpack  
  132  12:40  Medivac  
  80  13:09  SCV x2  
  80  13:10  Marine x2  
  72  13:33  SCV  
  72  13:34  SCV  
  74  13:35  Marine x3, Marauder x2  
  79  13:47  SCV x2  
  80  14:01  Refinery  
  82  14:06  Marine x3, Marauder  
  82  14:08  Widow Mine, Medivac x2  
  82  14:09  Nuke  
  93  14:15  SCV x3  
  96  14:27  Command Center  
  96  14:29  Widow Mine  
  100  14:35  Command Center  
  97  14:41  Unknown  
  89  14:56  Unknown  
  88  15:02  Marine x6  
  92  15:19  Marine  
  92  15:20  Marine x5  
Show
View Real Time Build Order
Export as new Build Order

Fabrotanque Protoss 

Build Orders:  

Get SALT Encoding   

  12  0:05  Probe  
  13  0:17  Probe  
  14  0:24  Pylon  
  14  0:28  Pylon  
  14  0:31  Probe  
  15  0:43  Probe  
  16  0:51  Forge  
  16  0:57  Assimilator  
  16  1:01  Assimilator  
  16  1:03  Probe  
  17  1:17  Gateway  
  17  1:18  Probe  
  18  1:26  Probe  
  19  1:36  Probe  
  20  1:41  Photon Cannon  
  20  1:50  Photon Cannon  
  20  1:51  Probe  
  21  2:03  Probe  
  22  2:18  Cybernetics Core  
  22  2:44  Nexus  
  22  2:47  Pylon  
  22  2:50  Pylon  
  22  3:09  Stargate  
  22  3:12  Stargate  
  22  3:32  Photon Cannon  
  22  3:34  Photon Cannon  
  22  3:55  Void Ray  
  26  4:09  Probe x2  
  28  4:17  Probe  
  28  4:18  Probe  
  30  4:25  Probe  
  30  4:26  Probe  
  32  4:36  Probe x2  
  34  4:48  Probe x2  
  36  5:00  Probe x2  
  36  5:01  Void Ray x2  
  46  5:20  Stargate  
  46  5:22  Stargate  
  46  5:27  Stargate  
  46  5:29  Probe x2  
  48  5:38  Assimilator  
  48  5:41  Probe x2  
  48  5:42  Assimilator  
  50  5:45  Protoss Air Weapons Level 1  
  50  5:53  Probe x2  
  52  6:07  Probe x2  
  54  6:15  Void Ray, Probe  
  54  6:16  Probe  
  60  6:42  Photon Cannon  
  60  6:47  Photon Cannon  
  60  6:53  Pylon  
  60  6:56  Pylon  
  60  7:11  Void Ray x2  
  60  7:14  Void Ray  
  72  7:18  Void Ray  
  76  7:23  Nexus  
  76  7:26  Pylon  
  76  7:29  Pylon  
  76  7:31  Assimilator  
  76  7:35  Assimilator  
  76  7:44  Void Ray  
  76  7:46  Photon Cannon  
  76  7:50  Photon Cannon  
  80  7:53  Void Ray  
  84  8:04  Void Ray x2  
  92  8:14  Protoss Air Armor Level 1  
  92  8:32  Probe x2  
  92  8:35  Probe  
  92  8:40  Void Ray, Probe x2  
  99  8:47  Probe  
  102  8:49  Probe x2  
  102  8:54  Void Ray  
  108  8:59  Probe  
  109  9:04  Pylon  
  109  9:07  Pylon  
  109  9:22  Void Ray, Probe  
  109  9:23  Probe x2  
  116  9:25  Void Ray  
  116  9:29  Void Ray  
  124  9:35  Probe  
  125  9:56  Photon Cannon  
  125  9:58  Photon Cannon  
  125  10:05  Pylon  
  125  10:08  Pylon  
  125  10:11  Pylon  
  125  10:17  Pylon  
  125  10:23  Void Ray, Probe x3  
  125  10:26  Void Ray x2  
  140  10:29  Void Ray  
  144  10:38  Void Ray  
  144  10:39  Pylon  
  144  10:42  Pylon  
  148  11:05  Void Ray  
  148  11:08  Void Ray x2  
  160  11:12  Void Ray  
  152  11:44  Probe x3  
  155  11:49  Void Ray  
  155  11:56  Probe x3  
  162  12:08  Probe x2  
  163  12:13  Pylon  
  163  12:14  Pylon  
  164  12:17  Pylon  
  164  12:31  Void Ray x2  
  164  12:32  Void Ray x2  
  164  12:34  Void Ray  
  140  13:12  Void Ray x2  
  108  13:13  Void Ray  
  108  13:14  Void Ray  
  108  13:15  Void Ray  
  96  13:46  Void Ray x2  
  96  13:47  Void Ray  
  96  13:50  Void Ray  
  103  13:57  Void Ray  
  115  14:27  Void Ray x2  
  115  14:28  Void Ray  
  115  14:30  Void Ray  
  126  14:43  Void Ray  
  70  15:02  Void Ray x2  
  70  15:03  Void Ray  
Show
View Real Time Build Order
Export as new Build Order

Garritsen Terran 

Build Orders:  

Get SALT Encoding   

  12  0:20  Supply Depot  
  12  0:26  Supply Depot  
  12  0:33  SCV  
  13  0:48  Barracks  
  13  0:49  Refinery  
  13  1:04  Refinery  
  13  1:05  SCV  
  14  1:17  SCV  
  15  1:29  SCV  
  16  1:41  Barracks Tech Lab  
  16  1:47  Orbital Command  
  16  1:57  Factory  
  16  2:26  Marine  
  16  2:29  Combat Shield  
  17  2:34  SCV  
  18  2:41  Factory Reactor  
  18  2:46  SCV  
  18  3:03  Marine  
  17  3:21  Marine  
  16  3:35  Widow Mine x2  
  16  3:40  SCV  
  19  3:52  SCV  
  17  4:10  SCV  
  16  4:35  Marine x2  
  16  4:37  Siege Tank  
  20  4:53  Marine x2  
  20  5:01  SCV  
  21  5:10  Marine  
  21  5:13  SCV  
  23  5:17  Marine, Siege Tank  
  27  5:26  SCV  
  28  5:28  Marine  
  29  5:38  SCV  
  30  5:50  SCV  
  31  6:02  SCV  
  31  6:04  Starport  
  32  6:06  Siege Tank  
  35  6:14  SCV  
  36  6:19  Marine x2  
  38  6:26  SCV  
  39  6:43  Starport Reactor  
  39  6:46  Command Center  
  39  6:50  SCV  
  40  6:59  Engineering Bay  
  40  7:20  Starport  
  40  7:23  SCV  
  40  7:27  Marine  
  42  7:35  SCV  
  43  7:39  Supply Depot  
  43  7:45  Supply Depot  
  43  7:47  SCV  
  44  7:59  SCV  
  44  8:02  SCV  
  46  8:06  Starport Tech Lab  
  46  8:12  SCV  
  47  8:24  SCV  
  47  8:26  Raven  
  50  8:27  Liberator  
  50  8:28  Liberator  
  50  8:33  SCV  
  57  8:35  Marine  
  57  8:36  SCV  
  59  9:08  Orbital Command  
  59  9:10  SCV  
  60  9:22  SCV  
  60  9:23  Banshee  
  64  9:28  Cloaking Field  
  64  9:34  SCV  
  65  9:44  Barracks  
  65  9:46  SCV  
  66  9:56  Refinery  
  66  9:58  SCV  
  66  9:59  Refinery, SCV  
  68  10:06  Banshee  
  71  10:11  SCV  
  72  10:14  Viking x2  
  76  10:22  Marine x2  
  78  10:34  SCV  
  79  10:38  Barracks Reactor  
  79  10:44  Viking x2  
  79  10:46  SCV  
  79  10:49  Banshee  
  87  10:53  SCV  
  88  10:58  SCV  
  89  11:05  SCV  
  90  11:18  Viking x2  
  94  11:38  Supply Depot  
  94  11:41  Supply Depot x2  
  94  11:43  Supply Depot x2  
  94  11:59  Marine x4, Banshee  
  101  12:17  Marine x4  
  105  12:35  Marine x3  
  101  12:52  Marine x2  
  92  13:10  Marine x2  
  94  13:17  Viking  
  94  13:18  Viking  
  63  13:39  Marine  
  63  13:40  Marine x3  
  61  13:44  Viking  
  61  13:47  Viking x2  
  59  13:57  Marine x2  
  59  13:58  Marine x2  
  47  14:14  Viking  
  47  14:15  Marine x3, SCV  
  47  14:16  Marine  
  54  14:17  Viking x2  
  58  14:27  SCV  
  59  14:33  Marine x4  
  63  14:39  SCV  
  63  14:40  Command Center  
  63  14:44  Viking  
  56  14:47  Viking x2  
  56  14:51  Marine x2, SCV  
  56  14:52  Marine  
  59  14:54  Marine  
  52  15:23  Marine  
  52  15:24  Marine  
Tags
 
Add a new tag
Caveats
  • Supply blocks, unpowered buildings, or Contaminate may cause inaccurate times.
  • Supply counts are checked every 10 seconds.